 Dungeon Crawl Stone Soup version 0.29.1-12-g30fa7ad0bf (webtiles) character file.

Game seed: 8720731626653983194

597 wormed the Ruffian (level 7, -5/70 HPs)
             Began as a Troll Fighter on Dec 20, 2022.
             Slain by a hobgoblin
             ... wielding a +0 scythe
              (11 damage)
             ... on level 4 of the Dungeon.
             The game lasted 00:08:34 (2774 turns).

wormed the Ruffian (Troll Fighter)                  Turns: 2774, Time: 00:08:35

Health: -5/70      AC:  4    Str: 25    XL:     7   Next: 17%
Magic:  0/6        EV:  8    Int:  6    God:
Gold:   177        SH:  8    Dex:  9    Spells: 6/6 levels left

rFire   . . .      SeeInvis .     - Unarmed
rCold   . . .      Faith    .   b - +0 kite shield
rNeg    . . .      Spirit   +   a - +0 robe
rPois   .          Reflect  .   (helmet restricted)
rElec   .          Harm     .   (no cloak)
rCorr   .          Rampage  .   (gloves unavailable)
Will    .....                   (boots unavailable)
Stlth   +.........              d - amulet of guardian spirit
HPRegen 1.01/turn               (no ring)
MPRegen 0.10/turn               (no ring)

@: no status effects
A: large, unfitting armour, claws 3, regeneration 1, shaggy fur 1, tough skin 1
a: no special abilities


You were on level 4 of the Dungeon.
You visited 1 branch of the dungeon, and saw 4 of its levels.

You collected 177 gold pieces.

Inventory:

Armour
 a - a +0 robe (worn)
 b - a +0 kite shield (worn)
Jewellery
 d - an amulet of guardian spirit (around neck)
 m - an amulet of the acrobat
Wands
 l - a wand of flame (36)
Scrolls
 e - 3 scrolls of identify {unknown}
 f - 3 scrolls of butterflies {unknown}
 g - a scroll of noise {unknown}
 h - a scroll of immolation {unknown}
 k - a scroll of fear {unknown}
 n - a scroll of silence {unknown}
 o - 2 scrolls of teleportation {unknown}
Potions
 c - 2 potions of might
 i - a potion of curing {unknown}
 j - 2 potions of brilliance {unknown}


   Skills:
 + Level 4.0 Fighting
 - Level 2.4 Dodging
 + Level 4.3 Shields
 * Level 5.8 Unarmed Combat


You had 6 spell levels left.
You didn't know any spells.
Your spell library contained the following spells:

 Spells                   Type           Power      Damage    Failure   Level
 Borgnjor's Revivificati  Necr           0%         N/A       100%        8
 Necromutation            Tmut/Necr      0%         N/A       100%        8
 Death's Door             Necr           0%         N/A       100%        9


Dungeon Overview and Level Annotations

Branches:
Dungeon (4/15)
 Temple: D:4-7

Altars:
Cheibriados
Sif Muna


Innate Abilities, Weirdness & Mutations

You are too large for most types of armour.
You have claws for hands.
Your natural rate of healing is unusually fast.
You are covered in fur. (AC +1)
You have tough skin. (AC +1)


Message History

The hobgoblin is heavily wounded.
The hobgoblin hits you.
You scratch the hobgoblin.
The hobgoblin is almost dead.
You block the hobgoblin's attack.
You closely miss the hobgoblin.
The hobgoblin is almost dead.
The hobgoblin barely misses you.
You scratch the hobgoblin but do no damage.
The hobgoblin is almost dead.
The hobgoblin hits you.
You scratch the hobgoblin.
You kill the hobgoblin!
You now have 177 gold pieces (gained 12).
As you open the door, it creaks loudly! 6 hobgoblins come into view.
The hobgoblin shouts! x5
The hobgoblin hits you from afar with a +0 scythe!
The hobgoblin hits you from afar with a +0 scythe.
The hobgoblin hits you from afar with a +0 scythe!
The hobgoblin barely misses you.
The hobgoblin hits you from afar with a +0 scythe!
You block the hobgoblin's attack. You block the hobgoblin's attack. x2
You barely miss the hobgoblin. The hobgoblin barely misses you. x2
The hobgoblin hits you with a +0 scythe!
The hobgoblin hits you from afar with a +0 scythe!
You block the hobgoblin's attack. x2
The hobgoblin hits you from afar with a +0 scythe.
The hobgoblin hits you with a +0 scythe.
* * * LOW HITPOINT WARNING * * *
There is an open door, spattered with blood here.
The hobgoblin attacks as you move away! You block the hobgoblin's attack. x2
The hobgoblin hits you from afar with a +0 scythe!
* * * LOW HITPOINT WARNING * * *
The hobgoblin hits you with a +0 scythe!
* * * LOW HITPOINT WARNING * * *
You barely miss the hobgoblin.
The hobgoblin hits you from afar with a +0 scythe!
You die...

#.##.#..######..).....###########
................###...#
#.##.#.##..##..####...#
#..........<>.....#...#
#....#.#############..# ##...#'##
#gg.#..# ...#....# #.gg#..#
##....).# #######'##..# ###....#
#.....@g....# #....#
#...........# #....#
#.......##### #....# #.......#
####....###.......#
..................#
####.#.####......##
.................#
.###.#.###.#######


You could see 4 hobgoblins.

Vanquished Creatures
  A water moccasin (D:3)
  A phantom (D:4)
  A scorpion (D:4)
  Jessica (D:2)
  Natasha (thrice) (D:3)
  2 iguanas
  2 orc wizards
  9 adders
  15 orcs
  3 bats
  6 endoplasms
  4 giant cockroaches
  2 goblins
  5 hobgoblins
  A quokka (D:3)
  7 ball pythons
  2 frilled lizards
  4 kobolds
  7 rats
  A bush (D:1)
77 creatures vanquished.

Vanquished Creatures (others)
  7 plants (D:2)
7 creatures vanquished.

Grand Total: 84 creatures vanquished

Notes
Turn   | Place    | Note
-------+----------+-------------------------------------------
     0 | D:1      | wormed the Troll Fighter began the quest for the Orb.
     0 | D:1      | Reached XP level 1. HP: 22/22 MP: 0/0
   356 | D:1      | Reached XP level 2. HP: 29/29 MP: 1/1
   799 | D:2      | Reached XP level 3. HP: 36/36 MP: 2/2
  1016 | D:2      | Reached skill level 3 in Unarmed Combat
  1044 | D:2      | Reached XP level 4. HP: 44/44 MP: 3/3
  1185 | D:2      | Noticed Jessica
  1190 | D:2      | Killed Jessica
  1529 | D:3      | Noticed Natasha
  1537 | D:3      | Killed Natasha
  1735 | D:3      | Noticed a water moccasin
  1741 | D:3      | Killed a water moccasin
  1742 | D:3      | Reached skill level 4 in Unarmed Combat
  1742 | D:3      | Reached XP level 5. HP: 51/53 MP: 4/4
  1813 | D:3      | Noticed Natasha
  1829 | D:3      | Reached XP level 6. HP: 58/61 MP: 3/5
  1851 | D:3      | Killed Natasha
  1884 | D:3      | Noticed Natasha
  1888 | D:3      | Killed Natasha
  1934 | D:3      | Reached skill level 5 in Unarmed Combat
  2331 | D:4      | Found a shimmering blue altar of Sif Muna.
  2351 | D:4      | Reached XP level 7. HP: 61/68 MP: 6/6
  2532 | D:4      | Found a snail-covered altar of Cheibriados.
  2774 | D:4      | Slain by a hobgoblin

Illustrated notes

Levels and vault maps discovered:
D:1:      dpeg_arrival_shelter, layout_loops_cross, minmay_hedge_maze
D:2:      layout_basic, serial_forest, infiniplex_forest_zigzag_2,
          infiniplex_forest_end_3, infiniplex_forest_clump_small,
          infiniplex_forest_clump_small, infiniplex_forest_lined_room_3,
          infiniplex_forest_clump_small, infiniplex_forest_clump_medium,
          infiniplex_forest_clump_medium, infiniplex_forest_lined_3_way,
          infiniplex_forest_straight_5, amcnicky_mini_pool_small, uniq_jessica
D:3:      layout_basic, uniq_natasha
D:4:      layout_basic, cheibriados_altar_1, nicolae_sif_muna_condensation,
          minmay_misc_feat_tower, fountainhead, sigmund_army

Skill      XL: |  1  2  3  4  5  6  7 |
---------------+----------------------+-----
Shields        | 3 4 |  4.3
Unarmed Combat | 3 4 5 |  5.8
Fighting       | 3 4 |  4.0
Dodging        | |  2.4

Action                   |  1- 3 |  4- 6 |  7- 9 || total
-------------------------+-------+-------+-------++-------
Melee: Unarmed           |   118 |   132 |    49 ||   299
Armor: Robe              |    23 |    32 |    11 ||    66
Dodge: Dodged            |    21 |    46 |    19 ||    86
Block: Kite shield       |    20 |    46 |    26 ||    92
